 Dungeon Crawl Stone Soup version 0.31.0-9-g3a7656b989 (webtiles) character file.

Game seed: 7610118874565017656

2004 qw the Skirmisher (level 8, -6/68 HPs)
             Began as a Demigod Hunter on Feb 2, 2024.
             Engulfed by a steam dragon's steam (10 damage)
             ... on level 6 of the Dungeon.
             The game lasted 00:00:23 (4758 turns).

qw the Skirmisher (Demigod Hunter)                  Turns: 4758, Time: 00:00:24

Health: -6/68      AC:  2    Str: 14    XL:     8   Next: 71%
Magic:  10/10      EV: 16    Int: 11    God:
Gold:   302        SH:  0    Dex: 28    Spells: 7/7 levels left

rFire   . . .        a - +0 shortbow
rCold   . . .        (shield currently unavailable)
rNeg    . . .        c - +0 leather armour
rPois   .            e - +2 hat "Raiqeel" {*Corrode Str+2 Dex+3}
rElec   .            i - +0 cloak
rCorr   .            (no gloves)
SInv    .            (no boots)
Will    .....        (no amulet)
Stlth   ++           (no ring)
HPRegen 0.31/turn    (no ring)
MPRegen 0.12/turn

%: corrode self (3%)
@: corroded
A: high MP 1, forlorn, divine attributes
a: no special abilities


You were on level 6 of the Dungeon.
You visited 1 branch of the dungeon, and saw 6 of its levels.

You collected 302 gold pieces.


Innate Abilities, Weirdness & Mutations

You have an increased reservoir of magic. (+10% MP)
You shall have no god before yourself.
Your divine heritage dramatically boosts your attributes as you level up.


   Skills:
 - Level 5.0 Fighting
 + Level 9.0 Ranged Weapons
 - Level 1.1 Armour
 - Level 5.1 Dodging
 - Level 0.8 Stealth


You had 7 spell levels left.
You didn't know any spells.
Your spell library was empty.

Inventory:

Hand Weapons
 a - a +0 shortbow (weapon)
Armour
 c - a +0 leather armour (worn)
 e - the +2 hat "Raiqeel" (worn) {*Corrode Str+2 Dex+3}
   (You acquired it on level 4 of the Dungeon)

   Str+2:     It affects your strength (+2).
   Dex+3:     It affects your dexterity (+3).
   *Corrode:  It may corrode you when you take damage.
 i - a +0 cloak (worn)
Wands
 b - a wand of iceblast (8)
 g - a wand of acid (11)
 j - a wand of mindburst (26)
Scrolls
 f - 3 scrolls of identify
Potions
 d - 3 potions of curing
 h - 2 potions of might

Dungeon Overview and Level Annotations

Branches:
Dungeon (6/15)             Temple (0/1) D:4


Message History

You kill the jelly!
The adder barely misses you.
You shoot an arrow. The arrow closely misses the adder.
The arrow hits the steam dragon.
The steam dragon is moderately wounded.
The adder barely misses you. The adder bites you but does no damage.
You shoot an arrow. The arrow misses the adder.
The arrow hits the steam dragon but does no damage.
The steam dragon is moderately wounded.
The adder misses you. The steam dragon breathes steam at you.
The ball of steam hits the adder!
The adder dies!
The ball of steam hits you!
4751 ||| Stepping ~*~*~tactically~*~*~ (cloud).
You shoot an arrow. The arrow hits the steam dragon.
The steam dragon is moderately wounded.
The steam dragon breathes steam at you. The ball of steam hits you!
Your corrosive artefact corrodes you!
You shoot an arrow.
The arrow hits the steam dragon but does no damage.
The steam dragon is moderately wounded.
You are engulfed in a cloud of scalding steam.
You shoot an arrow. The arrow hits the steam dragon.
The steam dragon is heavily wounded.
You shoot an arrow. The arrow hits the steam dragon!
The steam dragon is almost dead.
The steam dragon barely misses you. The steam dragon closely misses you.
You shoot an arrow.
The arrow barely misses the steam dragon.
The steam dragon misses you. x2
You shoot an arrow.
The arrow closely misses the steam dragon.
The steam dragon breathes steam at you. The ball of steam hits you!
You shoot an arrow.
The arrow hits the steam dragon but does no damage.
The steam dragon is almost dead.
You are engulfed in a cloud of scalding steam.
You die...

#......#.
################....#...
..............##....#.##
..............##....#.##
..............##....#...
......¤.......#######...
......¤¤¤.%...# #...
.......¤......# #...
.......@......# #.##
.......D¤.....# ###.##
......).......# ###...##
.......)......# #....##
..............# #....#
..............# #....#
..............# #....#
..............# #....#
........# #....#


You could see a steam dragon (catching breath).

Vanquished Creatures
  Grinder (D:4)
  2 ice beasts (D:6)
  A sky beast (D:5)
  3 ogres
  3 phantoms (D:5)
  A bullfrog (D:6)
  4 scorpions (D:5)
  A bombardier beetle (D:5)
  A gnoll bouda (D:5)
  3 hounds (D:5)
  2 jellies
  4 orc priests
  A sleepcap (D:6)
  2 iguanas
  2 orc wizards
  11 gnolls
  9 adders
  2 white imps
  3 dart slugs
  2 ribbon worms (D:3)
  14 orcs
  3 endoplasms
  7 giant cockroaches
  9 goblins
  3 hobgoblins
  2 jackals (D:1)
  7 kobolds
  4 quokkas
  10 ball pythons
  7 bats
  6 frilled lizards
130 creatures vanquished.

Vanquished Creatures (others)
  An adder (D:6)
1 creature vanquished.

Grand Total: 131 creatures vanquished

Notes
Turn   | Place    | Note
-------+----------+-------------------------------------------
     0 | D:1      | qw the Demigod Hunter began the quest for the Orb.
     0 | D:1      | Reached XP level 1. HP: 17/17 MP: 3/3
     0 | D:1      | 0 ||| qw: Version: 0.3-a-155-g5e7d8dd
     0 | D:1      | 0 ||| qw: Game counter: 59
     0 | D:1      | 0 ||| qw: Melee chars always use a shield: true
     0 | D:1      | 0 ||| qw: God list: Okawaru
     0 | D:1      | 0 ||| qw: Allow faded altars: false
     0 | D:1      | 0 ||| qw: Do Orc after clearing Dungeon:15 true
     0 | D:1      | 0 ||| qw: Do second Lair branch before Depths: true
     0 | D:1      | 0 ||| qw: Lair rune preference: random
     0 | D:1      | 0 ||| qw: Goals: Normal
     0 | D:1      | 0 ||| PLANNING D:1-11
   132 | D:1      | Reached skill level 4 in Ranged Weapons
   239 | D:1      | Reached XP level 2. HP: 24/24 MP: 4/4
   790 | D:1      | 790 ||| DROPPING amulet of magic regeneration.
   791 | D:1      | 791 ||| READING 2 scrolls labelled YWEGES ZIGGOHI.
   792 | D:1      | 792 ||| READING scroll labelled QOCHYG WIYNUISA.
   793 | D:1      | 793 ||| READING 2 scrolls labelled HOEROH XOUCH.
   794 | D:1      | 794 ||| READING scroll labelled MOAFEOFOCAUNE.
   798 | D:1      | 798 ||| READING scroll labelled REGHUI ROCAE.
   798 | D:1      | 798 ||| IDENTIFYING pink potion
   799 | D:1      | 799 ||| READING scroll labelled ZAC BEMYQUESICS.
   799 | D:1      | 799 ||| ENCHANTING +0 shortbow.
   800 | D:1      | 800 ||| DROPPING scroll of butterflies.
   801 | D:1      | 801 ||| DROPPING scroll of immolation.
   802 | D:1      | 802 ||| DROPPING scroll of blinking.
  1042 | D:2      | Reached XP level 3. HP: 29/29 MP: 5/5
  1303 | D:2      | 1303 ||| UPGRADING to +0 cloak.
  1308 | D:2      | 1308 ||| READING scroll of identify.
  1308 | D:2      | 1308 ||| IDENTIFYING blue potion
  1309 | D:2      | 1309 ||| READING scroll labelled VURPHI WUCKOTI.
  1310 | D:2      | 1310 ||| DRINKING 2 sedimented coppery potions.
  1311 | D:2      | 1311 ||| DROPPING potion of magic.
  1313 | D:2      | 1313 ||| Stepping ~*~*~tactically~*~*~ (cloud).
  1316 | D:2      | HP: 7/29 [poisoned by you (poison gas)]
  1321 | D:2      | HP: 3/29 [poisoned by you (poison gas)]
  1519 | D:3      | Reached skill level 5 in Ranged Weapons
  1519 | D:3      | Reached XP level 4. HP: 25/36 MP: 6/6
  1977 | D:3      | HP: 5/36 [orc priest/divine providence (12)]
  1978 | D:3      | 1978 ||| READING scroll of teleportation.
  1981 | D:3      | HP: 2/36 [orc priest/+0 dagger (2)]
  2350 | D:3      | Reached XP level 5. HP: 41/41 MP: 7/7
  2397 | D:3      | Reached skill level 6 in Ranged Weapons
  2566 | D:3      | 2566 ||| READING 3 scrolls labelled DEHEEM JOPYCK.
  2567 | D:3      | 2567 ||| DROPPING 2 scrolls of revelation.
  2658 | D:4      | Noticed Grinder
  2658 | D:4      | Paralysed by Grinder for 5 turns
  2663 | D:4      | 2663 ||| DRINKING potion of haste.
  2672 | D:4      | HP: 9/41 [Grinder (5)]
  2679 | D:4      | Killed Grinder
  2680 | D:4      | Reached XP level 6. HP: 13/52 MP: 8/8
  2833 | D:4      | Found a staircase to the Ecumenical Temple.
  2944 | D:4      | Reached skill level 3 in Dodging
  3296 | D:4      | Identified the +8 short sword of Ornamental Gallantry
                  | {flame, Str+2}
  3316 | D:4      | 3316 ||| READING scroll of identify.
  3316 | D:4      | 3316 ||| IDENTIFYING fuming yellow potion
  3317 | D:4      | 3317 ||| READING scroll labelled BOBACO OGGUTO.
  3317 | D:4      | Identified a scroll of acquirement
  3317 | D:4      | 3317 ||| ACQUIRING +2 hat "Raiqeel" {*Corrode Str+2 Dex+3}
  3317 | D:4      | Acquired the +2 hat "Raiqeel" {*Corrode Str+2 Dex+3}
  3319 | D:4      | 3319 ||| UPGRADING to +2 hat "Raiqeel" {*Corrode Str+2
                  | Dex+3}.
  3324 | D:4      | 3324 ||| DRINKING 4 coppery potions.
  3325 | D:4      | 3325 ||| DROPPING potion of lignification.
  3341 | D:5      | Entered Level 5 of the Dungeon
  3361 | D:5      | 3361 ||| RETREEEEATING.
  3365 | D:5      | 3365 ||| RETREEEEATING.
  3375 | D:5      | Reached XP level 7. HP: 53/59 MP: 9/9
  3375 | D:5      | 3375 ||| FLEEEEING.
  3376 | D:5      | 3376 ||| FLEEEEING.
  3377 | D:5      | 3377 ||| FLEEEEING.
  3461 | D:5      | Reached skill level 7 in Ranged Weapons
  3544 | D:5      | 3544 ||| FLEEEEING.
  3596 | D:5      | Reached skill level 1 in Armour
  3863 | D:5      | Reached skill level 8 in Ranged Weapons
  3863 | D:5      | Reached XP level 8. HP: 60/66 MP: 10/10
  3977 | D:5      | 3977 ||| FLEEEEING.
  3978 | D:5      | 3978 ||| FLEEEEING.
  3979 | D:5      | 3979 ||| FLEEEEING.
  3980 | D:5      | 3980 ||| FLEEEEING.
  4218 | D:5      | Reached skill level 9 in Ranged Weapons
  4305 | D:5      | 4305 ||| READING 4 scrolls of identify.
  4305 | D:5      | 4305 ||| IDENTIFYING scroll labelled JONAECHALOT
  4306 | D:5      | 4306 ||| DROPPING scroll of fear.
  4343 | D:6      | 4343 ||| STAIRDANCE
  4350 | D:6      | 4350 ||| STAIRDANCE
  4381 | D:6      | 4381 ||| STAIRDANCE
  4751 | D:6      | 4751 ||| Stepping ~*~*~tactically~*~*~ (cloud).
  4753 | D:6      | HP: 15/68 [steam dragon] (8)]
  4757 | D:6      | HP: 4/68 [steam dragon/ball of steam (13)]
  4758 | D:6      | Engulfed by a steam dragon's steam

Levels and vault maps discovered:
D:1:      elethiomel_arrival_infinity_welcomes_careful_drivers, layout_rooms
D:2:      layout_basic, st_stairs_14, amcnicky_mini_corridor_feature
D:3:      layout_basic, marbit_many_paths, st_stairs_9, minmay_splitting_lines
D:4:      layout_cave_pools, minmay_temple_entry_tees, minivault_1, uniq_grinder
D:5:      layout_rooms, nicolae_ru_great_annihilating_truth
D:6:      layout_basic

Skill      XL: |  1  2  3  4  5  6  7  8 |
---------------+-------------------------+-----
Ranged Weapons | 4 5 6 8 9 |  9.0
Fighting       | 2 4 5 |  5.0
Dodging        | 2 3 4 5 |  5.1
Armour         | 1 |  1.1
Stealth        | |  0.8

Action                     |  1- 3 |  4- 6 |  7- 9 || total
---------------------------+-------+-------+-------++-------
   Fire: Shortbow          |   159 |   133 |   263 ||   555
    Use: Scroll            |     8 |     4 |     1 ||    13
         Potion            |     1 |     2 |       ||     3
 Armour: Leather armour    |    52 |    31 |    91 ||   174
  Dodge: Dodged            |    57 |    39 |   104 ||   200

Table legend:
 A = Non-vault XP
 B = Vault XP
 C = Vault XP percentage of total XP
 D = Non-vault monster count
 E = Vault monster count
 F = Vault count percentage of total count
                 A         B        C        D         E       F
            +---------+---------+-------+---------+---------+-------
      Total |    2529 |     335 |  11.7 |     121 |       9 |   6.9
            +---------+---------+-------+---------+---------+-------
        D:1 |      43 |       0 |   0.0 |      26 |       0 |   0.0
        D:2 |      34 |       2 |   5.6 |      14 |       1 |   6.7
        D:3 |     200 |      16 |   7.4 |      24 |       3 |  11.1
        D:4 |     154 |     277 |  64.3 |      14 |       1 |   6.7
        D:5 |    1508 |      40 |   2.6 |      34 |       4 |  10.5
        D:6 |     590 |       0 |   0.0 |       9 |       0 |   0.0
            +---------+---------+-------+---------+---------+-------
